 Dungeon Sprint DCSS version 0.23.2-1-ga50397a (webtiles) character file.

Game seed: 3951468124279871160

2664 wilfster70 the Fighter (level 9, -10/86 HPs)
             Began as a Minotaur Monk on May 30, 2019.
             Was a High Priest of Cheibriados.
             Mangled by a merfolk impaler
             ... wielding a +0 trident
              (14 damage)
             ... in the Dungeon (Sprint V: "Ziggurat Sprint").
             The game lasted 00:03:23 (256 turns).

wilfster70 the Fighter (Minotaur Monk)               Turns: 256, Time: 00:03:24

Health: -10/86     AC: 24    Str: 41    XL:     9   Next: 36%
Magic:  1/14       EV: 13    Int: 27    God:    Cheibriados [*****.]
Gold:   0          SH: 25    Dex: 26    Spells: 8/8 levels left

rFire    + . .     SeeInvis .   a - +5 broad axe
rCold    + . .     Gourm    .   b - +3 large shield
rNeg     . . .     Faith    .   j - +5 gold dragon scales
rPois    +         Spirit   .   (helmet restricted)
rElec    .         Reflect  .   E - +2 cloak {MR+}
rCorr    .         Harm     .   (no gloves)
MR       +....     NoTele   +   (no boots)
Stlth    ..........             r - amulet of Limitation {+Rage Int+4}
HPRegen  0.24/turn              B - +6 ring of strength
MPRegen  0.14/turn              C - +6 ring of strength

@: very slow
A: retaliatory headbutt, horns 2
a: Bend Time, Temporal Distortion, Slouch, Step From Time, Renounce Religion,
Evoke Berserk Rage


You were in the Dungeon.
You worshipped Cheibriados.
Cheibriados was extremely pleased with you.
You were not hungry.

You visited 1 branch

Inventory:

Hand Weapons
 a - a +5 broad axe (weapon)
Armour
 b - a +3 large shield (worn)
 j - +5 gold dragon scales (worn)
 E - a +2 cloak of magic resistance (worn)
Jewellery
 r - the amulet of Limitation (around neck) {+Rage Int+4}
   (You found it in the Dungeon)

   [amulet of rage]

   It affects your intelligence (+4).
   It lets you go berserk.
 z - a +6 ring of intelligence
 A - a +6 ring of intelligence
 B - a +6 ring of strength (left hand)
 C - a +6 ring of strength (right hand)
Wands
 u - a wand of disintegration (7)
 v - a wand of iceblast (7)
 w - a wand of acid (7)
Scrolls
 f - 4 scrolls of amnesia
 h - 7 scrolls of fog
 i - 4 scrolls of blinking
 k - a scroll of holy word
 l - 5 scrolls of identify
 m - 5 scrolls of remove curse
 n - 2 scrolls of fear
Potions
 d - 10 potions of curing
 e - 7 potions of heal wounds
 g - 7 potions of magic
 o - 2 potions of brilliance
 p - 2 potions of invisibility
 q - 4 potions of resistance
 s - 5 potions of agility
 t - 5 potions of might
Comestibles
 c - 7 rations
 D - a chunk of flesh


   Skills:
 + Level 10.9 Fighting
 + Level 10.9 Axes
 + Level 8.2 Armour
 + Level 10.0 Dodging
 - Level 1.5 Stealth
 + Level 10.2 Shields
 - Level 8.2 Invocations
 + Level 7.8 Evocations


You had 8 spell levels left.
You didn't know any spells.
Your spell library contained the following spells:

 Spells                   Type           Power        Failure   Level  Hunger
 Passwall                 Tmut/Erth      #.......     100%        2    ###....
 Swiftness                Chrm/Air       #.......     100%        2    ###....
 Passage of Golubria      Tloc           N/A          100%        4    #####..
 Lee's Rapid Deconstruct  Erth           #.........   100%        5    ######.
 Darkness                 Hex            #.........   100%        6    #######
 Invisibility             Hex            #.......     100%        6    #######


Dungeon Overview and Level Annotations

Branches:
Dungeon (1/1)

Altars:
Ashenzari
Cheibriados
Dithmenos
Elyvilon
Fedhas
Gozag
Hepliaklqana
Kikubaaqudgha
Makhleb
Nemelex Xobeh
Okawaru
Qazlal
Ru
Sif Muna
Trog
Uskayaw
Vehumet
Wu Jian
Xom
Yredelemnul
Zin
The Shining One
Beogh
Jiyva
Lugonu

Annotations:
D 1 transporter


Innate Abilities, Weirdness & Mutations

You reflexively headbutt those who attack you in melee.
You have a pair of horns on your head.


Message History

The merfolk aquamancer mumbles some strange words.
The merfolk aquamancer blinks!
The ironbrand convoker barely misses you.
You furiously retaliate!
You headbutt the ironbrand convoker, but do no damage.
The merfolk impaler hits you but does no damage.
The spriggan rider barely misses you.
You slash the vampire mage!
The vampire mage is severely damaged.
You hit the ironbrand convoker. You hit the flying skull.
You slash the juggernaut! You closely miss the vault warden.
You block the flying skull's attack.
The vampire mage is infused with unholy energy.
* * * LOW HITPOINT WARNING * * *
The vampire mage draws life force from you and is healed!
You block the vault warden's attack. You block the juggernaut's attack.
The juggernaut hits you!
* * * LOW HITPOINT WARNING * * *
The merfolk impaler hits you from afar with a +0 trident!
You die...

▓..©..▓..©..▓▓▓▓▓▓▓
▓▓▓▓▓▓▓▓▓▓▓▓▓▓▓▓▓▓▓
▓..8©8...▓..8©8...▓
▓..|.)...▓.."|[...▓
▓...[=...▓..|.[..m▓
▓.....=..▓........▓
▓........▓...mWi..▓
▓.▓....▓.▓.▓pVpW▓.▓
▓...©....▓..z@Cn..▓
▓▓▓▓▓▓▓▓▓▓▓▓▓▓▓▓▓▓▓


You could see a juggernaut shaped shifter, a vault warden, a merfolk impaler, a
merfolk aquamancer, a spriggan rider, a vampire mage, an ironbrand convoker, 2
wraiths, a necrophage and a flying skull.

Vanquished Creatures
  An ironheart preserver (D)
  A harpy (D)
  An ironbrand convoker (D)
  A slime creature (D)
  A water moccasin (D)
  A hell hound (D)
  A floating eye (D)
  An eye of draining (D)
  A necrophage (D)
  A jelly (D)
  2 adders (D)
  A white imp (D)
  2 ufetubi (D)
  A ball python (D)
  A jackal skeleton (D)
17 creatures vanquished.

Notes
Turn   | Place    | Note
-------+----------+-------------------------------------------
     0 | D        | Found the +6 Majin-Bo {vamp, Archmagi MP+6 Int+6}
     0 | D        | Found the +7 great mace "Firestarter" {inner flame, rF++}
     0 | D        | wilfster70 the Minotaur Monk began the quest for the Orb.
     0 | D        | Reached XP level 1. HP: 19/19 MP: 0/0
    17 | D        | Found a blossoming altar of Fedhas.
    18 | D        | Found an opulent altar of Gozag.
    18 | D        | Found a hazy altar of Hepliaklqana.
    18 | D        | Found a viscous altar of Jiyva.
    18 | D        | Found a transporter.
    20 | D        | Became a worshipper of Cheibriados the Contemplative
    20 | D        | Reached * piety under Cheibriados
    20 | D        | Reached ** piety under Cheibriados
    22 | D        | Found an ancient bone altar of Kikubaaqudgha.
    31 | D        | Found a corrupted altar of Lugonu.
    42 | D        | Found a burning altar of Makhleb.
    43 | D        | Found a sacrificial altar of Ru.
    43 | D        | Found a stormy altar of Qazlal.
    43 | D        | Found a deep blue altar of Sif Muna.
    43 | D        | Found an iron altar of Okawaru.
    43 | D        | Found a bloodstained altar of Trog.
    43 | D        | Found a sparkling altar of Nemelex Xobeh.
    64 | D        | Found the +6 shillelagh "Devastator" {shatter}
    64 | D        | Found the +11 plutonium sword {*Contam Stlth-}
    64 | D        | Found the +8 lance "Wyrmbane" {slay drac, rPois rF+ rC+
                  | AC+3}
    64 | D        | Found the +9 sword of Zonguldrok {reap}
    64 | D        | Found the cursed +13 scythe of Curses {drain, *Curse}
    64 | D        | Found the +0 sword of Power
    64 | D        | Found the +7 mace of Variability {chain chaos}
    64 | D        | Found the +7 Singing Sword {slice, sonic wave}
    64 | D        | Found the +7 longbow "Piercer" {penet, EV-2}
    65 | D        | Found the +9 heavy crossbow "Sniper" {velocity, Acc+∞ SInv}
    65 | D        | Found the +10 dark maul {crush}
    65 | D        | Found the +15 Maxwell's patent armour {-Cast -Tele rElec
                  | MR+ rCorr}
    65 | D        | Found the +18 shield of the Gong {rElec rN+ MR+ EV-5}
    65 | D        | Found the cursed +14 obsidian axe {chop, +Fly SInv *Curse}
    70 | D        | Reached skill level 5 in Fighting
    70 | D        | Reached skill level 5 in Axes
    70 | D        | Reached XP level 2. HP: 29/29 MP: 0/3
    72 | D        | Entered arena 2.
    72 | D        | Noticed a hell hound
    72 | D        | Found a transporter.
    75 | D        | Killed a hell hound
    75 | D        | Reached *** piety under Cheibriados
    75 | D        | Reached skill level 5 in Dodging
    75 | D        | Reached XP level 3. HP: 38/38 MP: 0/5
    75 | D        | Reached XP level 4. HP: 45/45 MP: 0/6
   131 | D        | Entered arena 3.
   131 | D        | Found a transporter.
   134 | D        | Reached skill level 5 in Shields
   139 | D        | Got the amulet of Limitation {+Rage Int+4}
   144 | D        | Entered arena 4.
   144 | D        | Noticed a water moccasin
   144 | D        | Found a transporter.
   147 | D        | Reached **** piety under Cheibriados
   147 | D        | Reached XP level 5. HP: 51/51 MP: 7/7
   147 | D        | Killed a water moccasin
   147 | D        | Reached skill level 5 in Invocations
   149 | D        | Reached ***** piety under Cheibriados
   164 | D        | Entered arena 5.
   164 | D        | Noticed an eye of draining
   164 | D        | Noticed a slime creature
   164 | D        | Noticed a floating eye
   164 | D        | Found a transporter.
   166 | D        | Killed a floating eye
   166 | D        | Reached XP level 6. HP: 61/61 MP: 2/9
   169 | D        | Killed a slime creature
   169 | D        | Reached skill level 5 in Evocations
   169 | D        | Reached XP level 7. HP: 67/69 MP: 0/10
   244 | D        | Entered arena 6.
   244 | D        | Noticed an ironbrand convoker
   244 | D        | Noticed a vault warden
   244 | D        | Noticed a harpy
   244 | D        | Noticed an ironheart preserver
   244 | D        | Noticed an ironbrand convoker
   244 | D        | Found a transporter.
   245 | D        | Killed a harpy
   245 | D        | Reached skill level 5 in Armour
   245 | D        | Reached XP level 8. HP: 78/78 MP: 10/12
   248 | D        | Noticed a glowing shapeshifter
   248 | D        | Noticed a merfolk aquamancer
   248 | D        | Noticed a merfolk impaler
   248 | D        | Noticed a vampire mage
   249 | D        | Noticed a spriggan rider
   250 | D        | Killed an ironheart preserver
   250 | D        | Reached skill level 10 in Fighting
   250 | D        | Reached skill level 10 in Axes
   250 | D        | Reached XP level 9. HP: 73/86 MP: 0/14
   250 | D        | Noticed a shard shrike
   250 | D        | a glowing shapeshifter changed into a shard shrike
   252 | D        | Killed an ironbrand convoker
   252 | D        | Reached skill level 10 in Dodging
   252 | D        | Reached skill level 10 in Shields
   255 | D        | Noticed a juggernaut
   255 | D        | a shard shrike changed into a juggernaut
   256 | D        | HP: 4/86 [juggernaut (glowing shapeshifter) (7)]
   256 | D        | Mangled by a merfolk impaler

Skill      XL: |  1  2  3  4  5  6  7  8  9 |
---------------+----------------------------+-----
Fighting       | 5 6 7 8 9 10 | 10.9
Axes           | 5 6 7 8 9 10 | 10.9
Dodging        | 4 5 6 7 8 9 10 | 10.0
Shields        | 3 4 5 6 7 8 9 10 | 10.2
Invocations    | 2 4 5 6 7 8 |  8.2
Evocations     | 2 3 4 5 6 7 |  7.8
Armour         | 2 3 5 7 8 |  8.2
Stealth        | |  1.5

Action                   |  1- 3 |  4- 6 |  7- 9 || total
-------------------------+-------+-------+-------++-------
Melee: Broad axe         |     2 |     9 |    10 ||    21
       Headbutt          |     1 |     2 |     5 ||     8
Invok: Slouch            |       |       |     2 ||     2
  Use: Potion            |     1 |       |     3 ||     4
Armor: Gold dragon scale |     3 |     3 |    14 ||    20
Dodge: Dodged            |     2 |       |     9 ||    11
Block: Large shield      |     4 |    17 |    24 ||    45
